AoeStats
← Nomad

Arabia

510252591Analyzed
1v1 RM · 13h ago on Sep 30, 2026· 13m 57s· 2 players
Game mode
Random Map
Map size
Tiny (2 player)
Population
200
Speed
Normal
Resources
Standard
Victory
Conquest
Starting age
Dark Age
Ending age
Imperial Age
RankedLock teamsTeams togetherTeam positionsShared explorationLock speedFull tech treeHidden civsTurbo modeCheats
Victory
Defeat
🇦🇺 Tatars · Australia
1610
+18
🇨🇱 Saxons · Chile
1658
-18
Nomad
6:34 Loom
8:37 Feudal Age
12:31 Double-Bit Axe
Lagunita7470
6:03 Loom
8:49 Feudal Age
8:54 Man-at-Arms
9:05 Man-at-Arms
9:36 Double-Bit Axe
12:37 Arson
14:10 Fletching
Connection lost

Rejoining the realm…

Still unreachable

The connection could not be restored.

Session expired

The server has moved on; the page needs a fresh start.